 Dungeon Crawl Stone Soup version 0.31.0-11-ge490571c62 (console) character file.

Game seed: 171717292044500482

137 zenocrate the Covert (level 5, -3/47 HPs)
             Began as a Gnoll Delver on Feb 1, 2024.
             Slain by a gnoll
             ... wielding a +0 spear
              (6 damage)
             ... on level 4 of the Dungeon.
             The game lasted 00:00:35 (359 turns).

zenocrate the Covert (Gnoll Delver)                  Turns: 359, Time: 00:00:36

Health: -3/47      AC:  3    Str: 14    XL:     5   Next: 20%
Magic:  7/7        EV: 13    Int:  9    God:
Gold:   0          SH:  0    Dex: 13    Spells: 6/6 levels left

rFire   . . .        a - +0 spear
rCold   . . .        (no shield)
rNeg    . . .        b - +0 leather armour
rPois   .            (no helmet)
rElec   .            (no cloak)
rCorr   .            (no gloves)
SInv    .            (no boots)
Will    .....        (no amulet)
Stlth   ++++         (no ring)
HPRegen 0.27/turn    (no ring)
MPRegen 0.10/turn

%: no passive effects
@: no status effects
A: fangs 1, strong nose, distributed training
a: no special abilities


You were on level 4 of the Dungeon.
You visited 1 branch of the dungeon, and saw 2 of its levels.

Inventory:

Hand Weapons
 a - a +0 spear (weapon)
Armour
 b - a +0 leather armour (worn)
Wands
 g - a wand of digging (3)
Scrolls
 c - a scroll of fog
 d - a scroll of revelation
 e - a scroll of fear
Potions
 f - 2 potions of haste
 h - a potion of heal wounds {unknown}


   Skills:
 + Level 6.7 Fighting
 + Level 1.4 Short Blades
 + Level 1.4 Long Blades
 + Level 1.4 Axes
 + Level 1.4 Maces & Flails
 + Level 4.8 Polearms
 + Level 1.4 Staves
 + Level 1.4 Ranged Weapons
 + Level 1.4 Throwing
 + Level 1.4 Armour
 + Level 4.8 Dodging
 + Level 9.7 Stealth
 + Level 1.4 Shields
 + Level 1.4 Unarmed Combat
 + Level 1.4 Spellcasting
 + Level 1.1 Conjurations
 + Level 1.1 Hexes
 + Level 1.1 Summonings
 + Level 1.1 Necromancy
 + Level 1.1 Translocations
 + Level 1.1 Fire Magic
 + Level 1.1 Ice Magic
 + Level 1.1 Air Magic
 + Level 1.1 Earth Magic
 + Level 1.1 Alchemy
 + Level 1.6 Invocations
 + Level 1.4 Evocations
 + Level 1.3 Shapeshifting


You had 6 spell levels left.
You didn't know any spells.
Your spell library was empty.

Dungeon Overview and Level Annotations

Branches:
Dungeon (5/15)
 Temple: D:4-7

Altars:


Innate Abilities, Weirdness & Mutations

You have very sharp teeth.
Your uncanny sense of smell can sniff out nearby items.
Your experience applies equally to all skills.


Message History

The gnoll closely misses you.
You hit the gnoll but do no damage. Your punch misses the gnoll.
The gnoll is heavily wounded.
The gnoll closely misses you. The gnoll barely misses you.
You closely miss the gnoll. Your bite misses the gnoll.
The gnoll is heavily wounded.
The gnoll closely misses you. x2
You barely miss the gnoll.
The gnoll is heavily wounded.
You closely miss the gnoll. Your bite misses the gnoll.
The gnoll is heavily wounded.
The gnoll closely misses you. x2
You hit the gnoll. You bite the gnoll, but do no damage.
The gnoll is almost dead.
The gnoll hits you from afar with a +0 spear!
* * * LOW HITPOINT WARNING * * *
The gnoll barely misses you.
You hit the gnoll.
You kill the gnoll!
The gnoll throws a stone.
The stone hits you.
* * * LOW HITPOINT WARNING * * *
Unknown command.
The gnoll hits you with a +0 spear.
* * * LOW HITPOINT WARNING * * *
Things that are here:
a +0 battleaxe; a gnoll corpse Unknown command.
You closely miss the gnoll. The gnoll closely misses you.
Unknown command.
You hit the gnoll but do no damage. You bite the gnoll, but do no damage.
The gnoll hits you with a +0 spear.
* * * LOW HITPOINT WARNING * * *
Unknown command.
You hit the gnoll but do no damage. You bite the gnoll, but do no damage.
The gnoll misses you.
Unknown command.
You barely miss the gnoll. You bite the gnoll, but do no damage.
Unknown command.
You hit the gnoll.
The gnoll is heavily wounded.
The gnoll hits you with a +0 spear.
You die...

..#####............#.#
.......#.###.##....#.#
...##.#....#.#.......#
...##.#....#.#.###.###
#####.#..............#
......#..>...#.....#.
#######......#.....# #
..............##.# #
#........#........# #
............##.##### #
##.######.####@#######.
# #. .......g........ #
###......)....... .
................ #
#...........)...
#.###'#.##...... #
#.... ...... ###.#
.....# #. ######


You could see a gnoll.

Vanquished Creatures
  An ogre (D:4)
  A hound (D:5)
  2 gnolls (D:4)
  An endoplasm (D:4)
  A goblin (D:4)
6 creatures vanquished.

Notes
Turn   | Place    | Note
-------+----------+-------------------------------------------
     0 | D:5      | Reached skill level 9 in Stealth
     0 | D:5      | zenocrate the Gnoll Delver began the quest for the Orb.
     0 | D:5      | Reached XP level 1. HP: 23/23 MP: 1/1
    47 | D:5      | Noticed a hound
    51 | D:5      | Noticed a scorpion
    63 | D:5      | Killed a hound
    64 | D:5      | Reached XP level 2. HP: 20/29 MP: 1/3
    64 | D:5      | Reached XP level 3. HP: 24/35 MP: 1/4
   109 | D:4      | Noticed an ogre
   126 | D:4      | Killed an ogre
   127 | D:4      | Reached skill level 1 in Short Blades
   127 | D:4      | Reached skill level 1 in Long Blades
   127 | D:4      | Reached skill level 1 in Axes
   127 | D:4      | Reached skill level 1 in Maces & Flails
   127 | D:4      | Reached skill level 1 in Staves
   127 | D:4      | Reached skill level 1 in Ranged Weapons
   127 | D:4      | Reached skill level 1 in Throwing
   127 | D:4      | Reached skill level 1 in Armour
   127 | D:4      | Reached skill level 1 in Shields
   127 | D:4      | Reached skill level 1 in Unarmed Combat
   127 | D:4      | Reached skill level 1 in Spellcasting
   127 | D:4      | Reached skill level 1 in Conjurations
   127 | D:4      | Reached skill level 1 in Hexes
   127 | D:4      | Reached skill level 1 in Summonings
   127 | D:4      | Reached skill level 1 in Necromancy
   127 | D:4      | Reached skill level 1 in Translocations
   127 | D:4      | Reached skill level 1 in Fire Magic
   127 | D:4      | Reached skill level 1 in Ice Magic
   127 | D:4      | Reached skill level 1 in Air Magic
   127 | D:4      | Reached skill level 1 in Earth Magic
   127 | D:4      | Reached skill level 1 in Alchemy
   127 | D:4      | Reached skill level 1 in Invocations
   127 | D:4      | Reached skill level 1 in Evocations
   127 | D:4      | Reached skill level 1 in Shapeshifting
   127 | D:4      | Reached XP level 4. HP: 15/41 MP: 4/6
   294 | D:4      | Reached XP level 5. HP: 47/47 MP: 7/7
   359 | D:4      | Slain by a gnoll

Illustrated notes

Levels and vault maps discovered:
D:4:      layout_basic, kennysheep_generic_room_14
D:5:      layout_cave_pools, nicolae_shop_fire_sale [nicolae_sub_dead_trees],
          st_stairs_9

Skill      XL: |  1  2  3 |
---------------+----------+-----
Stealth        | |  9.7
Short Blades   | 1 |  1.4
Long Blades    | 1 |  1.4
Axes           | 1 |  1.4
Maces & Flails | 1 |  1.4
Staves         | 1 |  1.4
Ranged Weapons | 1 |  1.4
Throwing       | 1 |  1.4
Armour         | 1 |  1.4
Shields        | 1 |  1.4
Unarmed Combat | 1 |  1.4
Spellcasting   | 1 |  1.4
Conjurations   | 1 |  1.1
Hexes          | 1 |  1.1
Summonings     | 1 |  1.1
Necromancy     | 1 |  1.1
Translocations | 1 |  1.1
Fire Magic     | 1 |  1.1
Ice Magic      | 1 |  1.1
Air Magic      | 1 |  1.1
Earth Magic    | 1 |  1.1
Alchemy        | 1 |  1.1
Invocations    | 1 |  1.6
Evocations     | 1 |  1.4
Shapeshifting  | 1 |  1.3
Fighting       | |  6.7
Polearms       | |  4.8
Dodging        | |  4.8

Action                     |  1- 3 |  4- 6 || total
---------------------------+-------+-------++-------
  Melee: Spear             |    24 |    30 ||    54
         Bite              |     3 |     6 ||     9
   Stab: Sleeping          |     1 |     1 ||     2
 Armour: Leather armour    |     9 |    12 ||    21
  Dodge: Dodged            |    10 |    29 ||    39
